 Dungeon Crawl Stone Soup version 0.30-a0-924-g0ad0bf95bc (webtiles) character file.

Game seed: 5552921622813831113

7410 fozzywoppz the Martial Artist (level 10, 0/82 HPs)
             Began as a Demonspawn Monk on Mar 22, 2023.
             Was an Elder of Vehumet.
             Slain by a cyan ugly thing (15 damage)
             ... on level 10 of the Dungeon on Mar 23, 2023.
             The game lasted 00:33:39 (8488 turns).

fozzywoppz the Martial Artist (Demonspawn Monk)     Turns: 8488, Time: 00:33:39

Health: 0/82       AC: 18    Str: 12    XL:     10   Next: 92%
Magic:  0/13       EV: 12    Int: 23    God:    Vehumet [****..]
Gold:   661        SH:  0    Dex: 20    Spells: 9/13 levels left

rFire   . . .      SeeInvis .      - Unarmed
rCold   . . .      Faith    .    (no shield)
rNeg    . . .      Spirit   +    v - +2 scale mail {rPois}
rPois   +          Reflect  .    f - +1 hat
rElec   .          Rampage  .    i - +0 cloak
rCorr   .                        (no gloves)
Will    .....                    A - +2 pair of boots
Stlth   +                        l - amulet of regeneration
HPRegen 1.13/turn                B - +4 ring of protection
MPRegen 0.26/turn                K - +6 ring of intelligence

@: no status effects
A: claws 1, powered by death 1, magic shield, magic regeneration, big brain 3
a: Renounce Religion


You were on level 10 of the Dungeon.
You worshipped Vehumet.
Vehumet was greatly pleased with you.
You visited 2 branches of the dungeon, and saw 11 of its levels.

You collected 661 gold pieces.

Inventory:

Missiles
 F - 7 curare-tipped darts (quivered)
 N - 10 boomerangs
 O - 6 throwing nets
Armour
 f - a +1 hat (worn)
 i - a +0 cloak (worn)
 k - +0 steam dragon scales
 v - a +2 scale mail of poison resistance (worn)
 A - a +2 pair of boots (worn)
 D - the +3 scale mail of Immorality {*Corrode Str+5 Slay+5}
   (You found it on level 7 of the Dungeon)

   Str:       It affects your strength (+5).
   Slay:      It affects your accuracy & damage with ranged weapons and melee
   (+5).
   *Corrode:  It may corrode you when you take damage.
Jewellery
 l - an amulet of regeneration (around neck)
 B - a +4 ring of protection (left claw)
 E - an amulet of reflection
 G - a +6 ring of strength
 I - a ring of magical power
 K - a +6 ring of intelligence (right claw)
 L - the ring of Vywol {EV+5 Dex+3}
   (You found it on level 8 of the Dungeon)

   [ring of evasion]

   EV:        It affects your evasion (+5).
   Dex:       It affects your dexterity (+3).
Wands
 e - a wand of light (14)
 H - a wand of paralysis (3)
 M - a wand of roots (15)
Scrolls
 a - a scroll of fear {unknown}
 b - a scroll of enchant armour {unknown}
 c - a scroll of brand weapon {unknown}
 d - a scroll of magic mapping
 n - 2 scrolls of fog
 o - a scroll of vulnerability
 q - 3 scrolls of noise
 r - a scroll of enchant weapon {unknown}
 s - 3 scrolls of blinking
 u - 2 scrolls of identify
 x - a scroll of amnesia
 y - a scroll of teleportation {unknown}
Potions
 g - 3 potions of flight
 h - a potion of berserk rage
 j - 2 potions of might
 m - 2 potions of lignification
 p - a potion of attraction
 t - a potion of brilliance
 w - 3 potions of mutation
 z - 2 potions of curing
 C - 2 potions of magic {unknown}
 J - a potion of heal wounds {unknown}


   Skills:
 + Level 8.7 Fighting
 + Level 3.1 Armour
 + Level 6.8 Dodging
 - Level 3.0 Stealth
 + Level 10.4 Unarmed Combat
 - Level 2.2 Spellcasting
 - Level 5.0 Conjurations


You had 9 spell levels left.
You knew the following spells:

 Your Spells              Type           Power      Damage    Failure   Level
a - Searing Ray           Conj           50%        2d6       1%          2
b - Blink                 Tloc           4%         N/A       34%         2

Your spell library contained the following spells:

 Spells                   Type           Power      Damage    Failure   Level
 Yara's Violent Unravell  Hex/Tmut       1%         3d3       78%         5
 Magic Dart               Conj           100%       1d8       1%          1
 Fulminant Prism          Conj/Hex       7%         3d7       22%         4
 Ensorcelled Hibernation  Hex/Ice        4%         N/A       34%         2
 Spider Form              Tmut/Pois      2%         N/A       56%         3
 Anguish                  Hex/Necr       1%         N/A       91%         4
 Manifold Assault         Tloc           2%         N/A       91%         4
 Summon Ice Beast         Ice/Summ       2%         N/A       91%         4
 Summon Mana Viper        Hex/Summ       2%         N/A       99%         5
 Monstrous Menagerie      Summ           1%         N/A       100%        7
 Storm Form               Tmut/Air       1%         N/A       100%        7


Dungeon Overview and Level Annotations

Branches:
Dungeon (10/15)            Temple (1/1) D:6            Lair (0/5) D:10
    Orc (0/2) D:9

Altars:
Ashenzari
Cheibriados
Dithmenos
Fedhas
Hepliaklqana
Kikubaaqudgha
Makhleb
Nemelex Xobeh
Okawaru
Qazlal
Ru
Sif Muna
Trog
Uskayaw
Vehumet
Wu Jian
Xom
Yredelemnul

Portals:
Abyss: D:7

Annotations:
D:7 2 runed translucent doors, 2 transporters, sugarbear's ghost, novice VSBr
D:9 3 runed translucent doors, jasper's ghost, novice DsRe
D:10 Erolcha


Innate Abilities, Weirdness & Mutations

You have sharp fingernails.
You regenerate a little health from kills.
When hurt, damage is shared between your health and your magic reserves.
You regenerate magic rapidly.
You have an absolutely massive brain. (Int +6, Wiz)


Message History

The cyan ugly thing is lightly wounded.
You hear a shout!
Erolcha the Cunning comes into view.
She is wielding a +0 giant club.
The searing ray hits the cyan ugly thing.
The cyan ugly thing is moderately wounded.
Unknown command.
The searing ray hits the cyan ugly thing!
The cyan ugly thing is moderately wounded.
You finish channelling your searing ray.
The cyan ugly thing misses you.
You scratch the cyan ugly thing but do no damage.
The cyan ugly thing is moderately wounded.
The cyan ugly thing gores you. The cyan ugly thing shocks you!
You claw the cyan ugly thing!
The cyan ugly thing is heavily wounded.
The cyan ugly thing gores you but does no damage.
You scratch the cyan ugly thing.
The cyan ugly thing is heavily wounded.
The cyan ugly thing gores you but does no damage.
You claw the cyan ugly thing!
The cyan ugly thing is severely wounded.
You scratch the cyan ugly thing.
The cyan ugly thing is severely wounded.
The cyan ugly thing gores you. The cyan ugly thing shocks you!
You scratch the cyan ugly thing. You claw the cyan ugly thing.
The cyan ugly thing is almost dead.
The cyan ugly thing gores you. The cyan ugly thing shocks you!
You scratch the cyan ugly thing.
The cyan ugly thing is almost dead.
The cyan ugly thing gores you! The cyan ugly thing shocks you!
* * * LOW HITPOINT WARNING * * *
You closely miss the cyan ugly thing.
The cyan ugly thing is almost dead.
The cyan ugly thing gores you but does no damage.
You closely miss the cyan ugly thing.
The cyan ugly thing is almost dead.
The cyan ugly thing gores you!
* * * LOW HITPOINT WARNING * * *
The cyan ugly thing shocks you!
You die...

.....>......
#####.#...........
#.uO.............
#@# #....P..# #.#
.oh....# #.#
.....# ##.#
####...#
#..#####.....#
#..........###
#.###)###.## #.#
#)# #.# .# #.# #.#
#.#


You could see a cyan ugly thing and Erolcha.

Vanquished Creatures
  2 two-headed ogres
  A cyclops (D:9)
  4 yaks
  2 steam dragons
  Grum (D:9)
  3 wargs (D:10)
  2 acid dragons
  An orc warrior (D:8)
  2 sky beasts
  2 ice beasts
  2 black bears
  2 ogres (D:5)
  A wolf (D:9)
  2 centaurs
  2 phantoms (D:4)
  5 bullfrogs
  4 gnoll sergeants (D:9)
  3 kobold brigands
  3 scorpions (D:4)
  9 wights
  8 howler monkeys
  11 hounds
  11 orc priests
  4 gnoll boudas
  2 jellies
  A sleepcap (D:5)
  2 iguanas
  4 orc wizards
  22 gnolls
  8 adders
  A shadow imp (D:8)
  A white imp (D:6)
  A worm (D:2)
  44 orcs
  8 ball pythons
  9 endoplasms
  3 giant cockroaches (D:1)
  4 goblins
  7 hobgoblins
  6 jackals
  5 quokkas
  4 bats
  5 frilled lizards
  15 kobolds
  4 rats
243 creatures vanquished.

Vanquished Creatures (others)
  A gnoll (D:9)
  A kobold (D:7)
  2 plants
4 creatures vanquished.

Grand Total: 247 creatures vanquished

Notes
Turn   | Place    | Note
-------+----------+-------------------------------------------
     0 | D:1      | fozzywoppz the Demonspawn Monk began the quest for the Orb.
     0 | D:1      | Reached XP level 1. HP: 18/18 MP: 1/1
   325 | D:1      | Gained mutation: You regenerate magic rapidly. [demonic
                  | ancestry]
   325 | D:1      | Reached XP level 2. HP: 21/24 MP: 2/2
   415 | D:1      | Reached skill level 3 in Unarmed Combat
   868 | D:1      | Reached XP level 3. HP: 27/29 MP: 3/3
   903 | D:1      | Found a faded altar of an unknown god.
  1795 | D:2      | Gained mutation: You have sharp fingernails. [demonic
                  | ancestry]
  1795 | D:2      | Reached XP level 4. HP: 35/35 MP: 4/4
  2575 | D:4      | Found a burning altar of Makhleb.
  2578 | D:4      | Found a stormy altar of Qazlal.
  2652 | D:4      | Noticed a phantom
  2718 | D:4      | Gained mutation: You have an unusually large brain. (Int
                  | +2) [demonic ancestry]
  2718 | D:4      | Reached XP level 5. HP: 36/42 MP: 5/5
  2761 | D:4      | Killed a phantom
  2962 | D:4      | Reached skill level 4 in Unarmed Combat
  2962 | D:4      | Gained mutation: When hurt, damage is shared between your
                  | health and your magic reserves. [demonic ancestry]
  2962 | D:4      | Reached XP level 6. HP: 47/48 MP: 6/6
  3339 | D:5      | Entered Level 5 of the Dungeon
  3350 | D:5      | Noticed a yak
  3413 | D:5      | Killed a yak
  3414 | D:5      | Reached skill level 5 in Fighting
  3414 | D:5      | Reached XP level 7. HP: 48/56 MP: 7/7
  3431 | D:5      | Noticed a yak
  3431 | D:5      | Noticed a yak
  3450 | D:5      | Noticed a yak
  3458 | D:5      | Killed a yak
  3459 | D:5      | Reached skill level 5 in Unarmed Combat
  3472 | D:4      | Killed a yak
  3473 | D:4      | Reached skill level 5 in Dodging
  3500 | D:5      | Killed a yak
  3501 | D:5      | Gained mutation: You have an extremely huge brain. (Int +4)
                  | [demonic ancestry]
  3501 | D:5      | Reached XP level 8. HP: 37/64 MP: 4/8
  3607 | D:5      | Found a shadowy altar of Dithmenos.
  3734 | D:5      | Found a shimmering blue altar of Sif Muna.
  4228 | D:5      | Reached skill level 6 in Unarmed Combat
  4640 | D:6      | Found a staircase to the Ecumenical Temple.
  4651 | Temple   | Entered the Ecumenical Temple
  5048 | Temple   | Became a worshipper of Vehumet
  5048 | Temple   | Reached * piety under Vehumet
  5048 | Temple   | Offered knowledge of Freeze by Vehumet.
  5048 | Temple   | Reached ** piety under Vehumet
  5093 | D:7      | Reached skill level 7 in Unarmed Combat
  5093 | D:7      | Gained mutation: You regenerate a little health from kills.
                  | [demonic ancestry]
  5093 | D:7      | Reached XP level 9. HP: 72/72 MP: 9/9
  5112 | D:7      | Identified the +3 scale mail of Immorality {*Corrode Str+5
                  | Slay+5}
  5220 | D:7      | Offered knowledge of Searing Ray by Vehumet.
  5255 | D:7      | Found a sacrificial altar of Ru.
  5262 | D:7      | Found a large runed translucent door.
  5270 | D:7      | Found a large runed translucent door.
  5327 | D:7      | Reached skill level 1 in Spellcasting
  5392 | D:7      | Noticed a wizard
  5393 | D:7      | Found a one-way gate to the infinite horrors of the Abyss.
  5393 | D:7      | Noticed sugarbear's ghost (novice VSBr)
  5528 | D:7      | Found a transporter.
  5528 | D:7      | Found a transporter.
  5700 | D:7      | Found a sparkling altar of Nemelex Xobeh.
  5832 | D:7      | Learned a level 2 spell: Searing Ray
  5913 | D:7      | Reached skill level 1 in Conjurations
  6252 | D:8      | Offered knowledge of Momentum Strike by Vehumet.
  6269 | D:8      | Reached skill level 8 in Unarmed Combat
  6537 | D:8      | Identified the ring of Vywol {EV+5 Dex+3}
  6597 | D:8      | Reached *** piety under Vehumet
  6871 | D:9      | Noticed a two-headed ogre
  6891 | D:9      | Killed a two-headed ogre
  6892 | D:9      | Gained mutation: You have an absolutely massive brain. (Int
                  | +6, Wiz) [demonic ancestry]
  6892 | D:9      | Reached XP level 10. HP: 62/80 MP: 6/13
  6896 | D:9      | Learned a level 2 spell: Blink
  6946 | D:9      | Found a runed translucent gate.
  6947 | D:9      | Found a runed translucent gate.
  6947 | D:9      | Found a runed translucent gate.
  6949 | D:9      | Noticed jasper's ghost (novice DsRe)
  7037 | D:9      | Noticed a two-headed ogre
  7141 | D:8      | Killed a two-headed ogre
  7142 | D:8      | Reached skill level 9 in Unarmed Combat
  7142 | D:8      | Reached skill level 5 in Conjurations
  7205 | D:9      | Offered knowledge of Dazzling Flash by Vehumet.
  7347 | D:9      | Reached **** piety under Vehumet
  7423 | D:9      | Offered knowledge of Yara's Violent Unravelling by Vehumet.
  7446 | D:9      | Reached skill level 10 in Unarmed Combat
  7520 | D:9      | Reached skill level 1 in Armour
  7753 | D:9      | Found a staircase to the Orcish Mines.
  8042 | D:9      | Noticed a cyclops
  8059 | D:9      | Killed a cyclops
  8201 | D:9      | Noticed Grum
  8211 | D:9      | Killed Grum
  8369 | D:10     | Entered Level 10 of the Dungeon
  8415 | D:10     | Found a staircase to the Lair.
  8475 | D:10     | Noticed a cyan ugly thing
  8477 | D:10     | Noticed Erolcha
  8488 | D:10     | Slain by a cyan ugly thing

Illustrated notes

Levels and vault maps discovered:
D:1:      scummos_arrival_simple_crosswalls, layout_loops_corners,
          shapermc_ecumenical_altar_mp_highgroup, eino_curves_02,
          minmay_crystal_room, minmay_shallow_snake_nest
D:2:      layout_basic
D:3:      layout_loops_ring
D:4:      layout_basic, grunt_temple_overflow_open, serial_corexii_hall,
          corexii_hall_statues_deadend, corexii_hall_statues_x,
          chequers_hall_statues_y
D:5:      layout_basic, grunt_dithmenos_smoke_and_mirrors, marbit_many_paths
D:6:      layout_loops_ring, minmay_temple_entry_tees
D:7:      layout_gridville, lemuel_tele_altar, overflow_temple_1_default,
          jmf_multi_god_temple2, gammafunk_ghost_abyssal_escape,
          minmay_tree_intersection, lightli_orcish_oven
D:8:      layout_basic, mainiacjoe_overflow_concentric_impassable,
          minmay_fractal_squares_gapless_5
D:9:      layout_big_octagon, hiddenorc2_lemuel, serial_gnoll_camp,
          gnoll_camp_medium_01, gnoll_camp_medium_02, grums_kennel,
          gnoll_camp_mini_house, gnoll_camp_mini_hut, gammafunk_ghost_split,
          minmay_crystal_water
D:10:     layout_loops_corners, erik_lair_orcish_takeover, uniq_joseph,
          uniq_erolcha, uniq_urug
Temple:   nicolae_temple_ecumenical_triangle

Skill      XL: |  1  2  3  4  5  6  7  8  9 10 |
---------------+-------------------------------+-----
Stealth        | 2 3 |  3.0
Unarmed Combat | 3 4 5 7 8 10 | 10.4
Dodging        | 3 4 5 6 |  6.8
Fighting       | 4 5 7 8 |  8.7
Spellcasting   | 2 |  2.2
Conjurations   | 4 5 |  5.0
Armour         | 3 |  3.1

Action                     |  1- 3 |  4- 6 |  7- 9 | 10-12 || total
---------------------------+-------+-------+-------+-------++-------
  Melee: Unarmed           |   208 |   161 |   401 |   367 ||  1137
         Punch             |     2 |     4 |    27 |    27 ||    60
  Throw: Dart              |       |       |       |     2 ||     2
   Cast: Searing Ray       |       |       |     5 |     7 ||    12
         Blink             |       |       |       |     3 ||     3
    Use: Scroll            |       |     9 |     3 |     6 ||    18
         Potion            |       |       |       |     5 ||     5
   Stab: Sleeping          |     3 |       |       |       ||     3
 Armour: Robe              |     5 |       |       |       ||     5
         Ring mail         |    76 |    25 |       |       ||   101
         Scale mail        |       |    22 |   198 |   250 ||   470
  Dodge: Dodged            |   130 |    68 |   237 |   287 ||   722

Table legend: (Time is in decaauts)
 A = Elapsed time spent in this place.
 B = Non-inter-level travel time spent in this place.
 C = Inter-level travel time spent in this place.
 D = Time resting spent in this place.
 E = Time spent auto-exploring this place.
 F = Levels seen in this place.
 G = Mean time per level.
                   A        B        C        D        E       F      G
               +--------+--------+--------+--------+--------+-----+--------+
         Total |   8353 |   8044 |    309 |    203 |   4789 |  11 |  759.4 |
       Dungeon |   8247 |   7955 |    292 |    203 |   4789 |  10 |  824.7 |
        Temple |    106 |     89 |     17 |      0 |      0 |   1 |  106.0 |
               +--------+--------+--------+--------+--------+-----+--------+

Top non-repeatable levels by time:
     D:9: 1222 daAuts
     D:1: 1159 daAuts
     D:7: 1128 daAuts
     D:5: 863 daAuts
     D:8: 863 daAuts
     D:4: 821 daAuts
     D:2: 772 daAuts
     D:6: 679 daAuts
     D:3: 625 daAuts
    D:10: 110 daAuts
  Temple: 106 daAuts
